Map: [ESL] Data-C

Players

Scarlett

  • Race: Zerg Zerg
  • Spawn Location: 9:00

NightMare - Winner!

  • Race: Protoss Protoss
  • Spawn Location: 3:00

Event: DreamHack SC2 Masters 2022 Atlanta (Offline)

VOD

Have the link to the VOD?

Description

Time

  • Played on: Nov. 19, 2022, 12:04 p.m.
  • Length: 19:45

All games in this series

Show
View Real Time Build Order
Export as new Build Order

Scarlett Zerg 

Build Orders: Hatch First 

Get SALT Encoding   

  12  0:00  Drone  
  13  0:12  Overlord  
  13  0:16  Drone  
  14  0:30  Drone  
  15  0:44  Drone  
  15  0:45  Drone  
  17  0:54  Hatchery  
  17  0:55  Drone  
  17  1:00  Drone  
  18  1:07  Extractor  
  17  1:14  Spawning Pool  
  17  1:16  Drone  
  17  1:20  Drone  
  18  1:27  Drone  
  19  1:39  Drone  
  20  1:49  Overlord  
  20  2:01  Queen  
  20  2:05  Zergling x2, Queen  
  20  2:06  Drone  
  26  2:11  Metabolic Boost  
  26  2:13  Zergling x2  
  27  2:16  Drone  
  27  2:21  Drone  
  29  2:30  Drone  
  29  2:33  Drone  
  31  2:42  Hatchery  
  30  2:45  Queen  
  30  2:48  Overlord  
  32  2:52  Zergling x2  
  32  2:55  Drone  
  32  2:58  Zergling x2  
  35  3:05  Zergling x2  
  36  3:08  Queen  
  36  3:10  Overlord  
  38  3:15  Drone x2  
  38  3:19  Drone x3  
  43  3:23  Overlord  
  42  3:35  Drone x4  
  42  3:38  Queen  
  48  3:48  Drone x3  
  51  3:56  Drone  
  51  3:57  Queen, Drone  
  51  4:02  Queen  
  56  4:07  Drone x4  
  60  4:13  Queen  
  60  4:16  Spore Crawler  
  61  4:18  Spore Crawler  
  61  4:23  Drone x4  
  64  4:25  Overlord  
  64  4:28  Extractor  
  64  4:30  Drone x3  
  65  4:35  Overlord  
  65  4:42  Roach Warren  
  64  4:46  Spore Crawler  
  64  4:49  Drone  
  64  4:50  Drone x6  
  72  4:52  Drone  
  72  4:55  Drone x3  
  72  4:57  Extractor  
  74  5:00  Overlord  
  74  5:03  Spore Crawler  
  74  5:04  Lair  
  73  5:07  Overlord  
  73  5:09  Drone x2  
  73  5:11  Drone  
  73  5:14  Overlord  
  76  5:17  Overlord  
  76  5:18  Overlord  
  76  5:20  Overlord  
  76  5:23  Roach  
  76  5:26  Roach  
  76  5:27  Roach  
  82  5:31  Roach x3  
  88  5:37  Roach x3  
  88  5:41  Roach  
  88  5:42  Roach x2  
  100  5:49  Zergling x2, Roach x3  
  107  5:51  Pneumatized Carapace  
  107  5:58  Overlord x2  
  107  6:02  Zergling x8  
  111  6:04  Glial Reconstitution  
  111  6:10  Overlord x2  
  111  6:13  Zergling x8  
  115  6:19  Zergling x2  
  115  6:20  Zergling x2  
  117  6:27  Ravager x2  
  117  6:28  Zergling x12  
  117  6:31  Ravager  
  126  6:34  Zergling x16  
  126  6:39  Queen x2  
  138  6:44  Ravager  
  138  6:54  Zergling x12  
  144  7:02  Queen  
  144  7:05  Overlord x2  
  145  7:14  Queen x2  
  141  7:19  Zergling x14  
  141  7:22  Zergling x10  
  138  7:28  Evolution Chamber  
  127  7:30  Zergling x10  
  121  7:38  Queen  
  121  7:43  Zergling x2  
  121  7:44  Zergling x4  
  112  7:48  Infestation Pit  
  112  7:50  Queen x2  
  105  7:54  Extractor  
  105  7:55  Drone x6  
  99  8:00  Zerg Missile Weapons Level 1  
  99  8:02  Hatchery  
  99  8:04  Zergling x14  
  105  8:11  Drone x2  
  107  8:13  Queen  
  107  8:14  Extractor  
  107  8:15  Extractor  
  107  8:20  Roach  
  107  8:21  Roach x3  
  115  8:28  Hive  
  115  8:29  Zergling x14  
  122  8:38  Drone  
  122  8:39  Drone  
  122  8:40  Drone x3  
  126  8:45  Drone  
  126  8:46  Drone  
  126  8:47  Drone x2  
  126  8:48  Drone  
  131  8:51  Drone  
  131  8:52  Drone  
  133  8:55  Evolution Chamber  
  133  8:59  Roach x6  
  144  9:03  Infestor  
  144  9:04  Infestor  
  148  9:11  Hatchery  
  147  9:19  Overlord x2  
  147  9:20  Overlord x2  
  147  9:26  Drone  
  147  9:27  Drone x6  
  147  9:29  Drone x2  
  147  9:30  Drone  
  147  9:31  Drone  
  158  9:33  Ravager  
  159  9:41  Viper x4  
  159  9:45  Extractor  
  170  9:46  Extractor  
  170  9:47  Drone x5  
  170  9:48  Drone  
  170  9:50  Zerg Ground Armor Level 1  
  175  9:56  Overlord x2  
  175  10:04  Roach x6  
  175  10:05  Roach  
  183  10:19  Queen x2  
  183  10:20  Queen  
  170  10:23  Roach x7  
  156  10:29  Roach x2  
  156  10:34  Roach x3  
  143  10:40  Roach x3  
  138  10:45  Roach x3  
  138  10:50  Roach x4  
  144  10:58  Roach x3  
  144  11:02  Drone x2  
  144  11:03  Drone  
  153  11:04  Ravager x2  
  153  11:10  Roach x4  
  163  11:11  Ravager  
  163  11:16  Drone x4  
  168  11:21  Overseer  
  168  11:27  Roach x5  
  168  11:30  Roach x2  
  180  11:45  Drone x8, Extractor  
  180  11:46  Extractor  
  182  12:00  Drone, Zerg Missile Weapons Level 2  
  177  12:01  Zerg Melee Weapons Level 1  
  177  12:02  Spire  
  177  12:05  Hatchery  
  177  12:07  Drone x3  
  177  12:08  Drone x3  
  180  12:10  Drone x2  
  180  12:11  Baneling Nest  
  182  12:20  Roach  
  182  12:21  Roach x6  
  195  12:54  Spine Crawler  
  195  12:55  Spine Crawler  
  193  13:01  Spine Crawler  
  193  13:04  Spine Crawler  
  187  13:06  Roach x6  
  189  13:21  Roach x4  
  189  13:22  Roach  
  189  13:26  Greater Spire, Centrifugal Hooks  
  199  13:27  Hatchery  
  199  13:29  Adrenal Glands  
  199  13:33  Spine Crawler  
  195  13:38  Zergling x2  
  194  13:53  Roach  
  194  13:54  Roach x2  
  200  14:00  Roach x2  
  193  14:04  Viper x2  
  193  14:08  Overseer x2  
  192  14:15  Zerg Melee Weapons Level 2  
  184  14:17  Zergling x10  
  184  14:18  Zergling x20  
  184  14:21  Roach x9  
  184  14:22  Roach x7  
  187  14:31  Roach  
  187  14:32  Roach  
  187  14:43  Roach  
  187  14:44  Roach x6  
  189  14:49  Queen  
  189  14:51  Hatchery  
  177  15:00  Zergling x14  
  177  15:04  Ravager  
  177  15:05  Ravager  
  181  15:08  Drone  
  181  15:09  Drone  
  183  15:19  Drone  
  183  15:20  Drone x3  
  187  15:23  Corruptor x3  
  193  15:30  Extractor  
  193  15:32  Extractor  
  191  15:36  Zergling x2  
  191  15:39  Zerg Missile Weapons Level 3, Extractor  
  189  15:57  Ravager x2, Spine Crawler  
  189  16:03  Zergling x22  
  187  16:22  Brood Lord x3  
  187  16:24  Viper x3  
  187  16:25  Hatchery  
  191  16:31  Corruptor x2  
  195  16:34  Drone x2  
  197  16:44  Zerg Flyer Weapons Level 1  
  189  16:55  Zergling x22  
  189  16:58  Spore Crawler  
  199  17:04  Zerg Melee Weapons Level 3  
  199  17:07  Drone  
  199  17:19  Baneling x13, Overseer  
  199  17:21  Overseer  
  199  17:34  Ravager  
  199  17:35  Brood Lord  
  199  17:37  Drone  
  199  17:38  Spore Crawler  
  199  17:39  Drone  
  196  17:58  Brood Lord  
  198  18:07  Corruptor  
  198  18:11  Spine Crawler x2  
  196  18:12  Spine Crawler  
  196  18:17  Drone x4  
  196  18:19  Corruptor x3  
  193  18:26  Corruptor x3  
  164  18:33  Corruptor x2  
  153  18:38  Corruptor  
  154  18:44  Corruptor x2  
  154  18:51  Corruptor  
  156  18:55  Corruptor  
  156  19:01  Corruptor  
  158  19:09  Corruptor x2  
  129  19:21  Roach x5  
  129  19:22  Roach x2  
Show
View Real Time Build Order
Export as new Build Order

NightMare Protoss - Winner!

Build Orders: 1 Gate Expand, Oracle Opening, Carriers 

Get SALT Encoding   

  12  0:00  Probe  
  13  0:12  Probe  
  14  0:19  Pylon  
  14  0:24  Probe  
  15  0:38  Probe (Chrono Boost)  
  15  0:40  Gateway  
  16  0:47  Probe (Chrono Boost)  
  17  0:51  Assimilator  
  17  0:52  Probe (Chrono Boost)  
  19  1:04  Probe  
  19  1:16  Probe  
  20  1:28  Nexus  
  20  1:37  Cybernetics Core  
  20  1:40  Probe  
  21  1:47  Assimilator  
  21  1:52  Probe  
  22  1:58  Pylon  
  22  2:04  Probe  
  23  2:13  Adept (Chrono Boost)  
  23  2:16  Probe  
  26  2:27  Stargate  
  26  2:28  Probe  
  27  2:34  Warp Gate  
  27  2:36  Adept (Chrono Boost)  
  27  2:40  Probe (Chrono Boost)  
  31  2:46  Probe (Chrono Boost)  
  31  2:50  Probe (Chrono Boost)  
  32  2:54  Probe (Chrono Boost)  
  32  2:55  Probe (Chrono Boost)  
  34  3:05  Probe  
  35  3:07  Probe  
  35  3:11  Oracle (Chrono Boost)  
  36  3:17  Probe  
  36  3:18  Gateway  
  36  3:19  Probe  
  41  3:29  Probe  
  41  3:31  Probe  
  41  3:33  Adept  
  45  3:41  Probe  
  45  3:42  Twilight Council  
  45  3:43  Probe  
  43  3:49  Shield Battery  
  43  3:53  Probe  
  43  3:55  Probe  
  45  4:05  Probe, Pylon  
  46  4:10  Pylon  
  46  4:21  Nexus  
  46  4:23  Adept x2, Probe x2  
  51  4:35  Probe x2, Void Ray (Chrono Boost)  
  51  4:36  Assimilator  
  57  4:40  Assimilator, Pylon  
  57  4:47  Probe x2  
  59  4:59  Probe x2  
  61  5:07  Stargate  
  61  5:09  Robotics Facility  
  61  5:11  Forge, Probe (Chrono Boost)  
  61  5:13  Shield Battery  
  62  5:15  Probe (Chrono Boost)  
  68  5:23  Probe (Chrono Boost)  
  68  5:25  Probe (Chrono Boost)  
  68  5:26  Void Ray (Chrono Boost)  
  68  5:28  Probe (Chrono Boost)  
  69  5:30  Probe  
  69  5:32  Probe, Pylon  
  72  5:40  Probe  
  72  5:42  Probe, Protoss Air Weapons Level 1  
  74  5:44  Probe  
  75  5:57  Void Ray (Chrono Boost), Probe x2  
  79  5:58  Assimilator  
  79  6:02  Assimilator  
  79  6:03  Pylon  
  82  6:04  Void Ray (Chrono Boost)  
  82  6:06  Probe  
  82  6:09  Probe x2  
  85  6:12  Robotics Bay  
  85  6:17  Gateway  
  85  6:21  Shield Battery, Gateway  
  85  6:22  Shield Battery  
  85  6:25  Immortal (Chrono Boost)  
  89  6:33  Photon Cannon  
  89  6:34  Pylon  
  89  6:36  Shield Battery  
  89  6:40  Stalker x2  
  89  6:45  Probe x2, Pylon  
  89  6:46  Probe  
  96  6:58  Void Ray (Chrono Boost)  
  96  6:59  Disruptor (Chrono Boost)  
  104  7:03  Void Ray (Chrono Boost)  
  104  7:07  Adept x2  
  111  7:18  Adept  
  111  7:19  Adept  
  103  7:29  Disruptor (Chrono Boost)  
  95  7:31  Adept  
  95  7:32  Adept, Probe x3  
  98  7:44  Adept x2, Probe x3  
  98  7:49  Protoss Ground Weapons Level 1 (Chrono Boost)  
  98  7:50  Charge  
  101  7:53  Zealot x2  
  101  7:56  Probe x3  
  102  8:02  Disruptor (Chrono Boost)  
  105  8:08  Adept x2, Probe x2  
  105  8:12  Gateway x2  
  111  8:17  Probe  
  112  8:24  Pylon  
  112  8:25  Pylon  
  112  8:27  Templar Archives  
  112  8:28  Pylon  
  112  8:30  Observer (Chrono Boost)  
  113  8:39  Probe  
  113  8:41  Sentry  
  113  8:45  Nexus  
  113  8:46  Pylon  
  113  8:48  Shield Battery  
  115  8:52  Photon Cannon  
  115  8:55  Warp Prism (Chrono Boost)  
  115  8:56  Gateway  
  115  8:57  Gateway  
  115  9:01  Probe x3  
  120  9:13  Probe x3  
  120  9:16  Pylon  
  123  9:18  High Templar x4  
  123  9:19  High Templar x2, Pylon  
  123  9:23  Pylon  
  135  9:25  Archon x3  
  135  9:37  Photon Cannon  
  135  9:39  Pylon  
  135  9:50  High Templar  
  135  9:51  Zealot, High Templar x3  
  135  9:52  Zealot x3  
  149  9:55  Pylon  
  149  9:57  Archon x2  
  149  9:58  Pylon  
  149  9:59  Probe x4  
  155  10:03  Assimilator  
  155  10:05  Assimilator  
  155  10:11  Protoss Ground Weapons Level 2 (Chrono Boost)  
  153  10:15  Zealot x4  
  151  10:24  Zealot x2  
  151  10:25  Zealot x2  
  151  10:35  Disruptor  
  126  10:37  Zealot x4  
  118  10:45  Zealot x4  
  118  10:47  Gateway  
  112  10:57  Probe x3  
  112  11:00  Blink (Chrono Boost)  
  112  11:04  Disruptor  
  108  11:05  Gateway  
  108  11:06  Gateway  
  108  11:08  Gateway  
  108  11:09  High Templar x4  
  108  11:10  Zealot x4  
  127  11:14  Archon  
  127  11:15  Archon  
  127  11:19  Shield Battery x2  
  127  11:23  Pylon  
  127  11:24  Shield Battery  
  127  11:32  Zealot x4  
  135  11:38  Disruptor (Chrono Boost)  
  127  11:41  High Templar x2  
  127  11:42  High Templar x2  
  127  11:46  Zealot  
  127  11:47  Observer, Probe x4  
  127  12:04  Disruptor (Chrono Boost), Zealot x5  
  127  12:05  Zealot x2  
  141  12:11  Stalker  
  143  12:17  Stalker x3  
  143  12:19  Stalker  
  150  12:24  Protoss Ground Weapons Level 3 (Chrono Boost)  
  150  12:29  Stalker x4  
  157  12:30  Stalker x3  
  156  12:52  Nexus  
  156  12:53  Zealot x6  
  156  12:56  Disruptor (Chrono Boost)  
  167  13:06  High Templar  
  167  13:07  Zealot x2, High Templar x3  
  171  13:15  Archon x2  
  163  13:21  Disruptor (Chrono Boost)  
  154  13:28  Stargate  
  154  13:31  Stargate  
  150  13:34  Fleet Beacon  
  150  13:40  Pylon  
  150  13:47  Stalker x3  
  150  13:48  Stalker x7  
  157  13:55  Stalker x2  
  147  14:10  Zealot  
  147  14:11  Disruptor (Chrono Boost), Zealot x9  
  136  14:39  Zealot x3  
  136  14:40  Zealot x9  
  142  14:55  Disruptor (Chrono Boost)  
  126  15:07  High Templar x3  
  126  15:08  High Templar x3  
  126  15:09  Zealot x6  
  126  15:12  Archon x2  
  126  15:13  Archon  
  150  15:21  Disruptor (Chrono Boost)  
  150  15:22  Pylon  
  153  15:29  Assimilator  
  153  15:32  Assimilator  
  153  15:33  Zealot x5  
  163  15:41  High Templar x3  
  169  15:48  Carrier x2 (Chrono Boost)  
  169  15:49  Zealot  
  167  15:51  Disruptor (Chrono Boost)  
  148  16:15  Archon  
  148  16:17  Disruptor (Chrono Boost)  
  127  16:20  Stalker x9  
  127  16:24  Stalker  
  146  16:27  Shield Battery  
  146  16:37  Stalker x2  
  150  16:43  Carrier (Chrono Boost)  
  160  16:57  Nexus  
  160  17:00  Carrier (Chrono Boost), Zealot  
  160  17:07  High Templar  
  160  17:08  Zealot x3, High Templar  
  170  17:16  Observer  
  170  17:18  Archon  
  170  17:22  Shield Battery  
  177  17:33  Carrier (Chrono Boost)  
  183  17:37  Carrier (Chrono Boost)  
  183  17:42  Zealot x3  
  183  17:44  Carrier (Chrono Boost)  
  195  17:49  High Templar  
  195  17:52  High Templar  
  197  17:59  Zealot  
  197  18:03  Pylon  
  191  18:06  Psionic Storm  
  175  18:27  Zealot x10  
  175  18:28  Zealot x2  
  174  18:49  High Templar  
  174  18:50  High Templar x2  
  174  18:52  High Templar  
  174  18:53  Archon  
  174  18:54  Stalker x7  
  192  19:00  Archon  
  188  19:03  Assimilator  
  188  19:07  Assimilator  
  134  19:27  Stalker x5  
  134  19:28  Stalker x5  
  128  19:44  Zealot x2  
Tags
 
Add a new tag
Caveats
  • Supply blocks, unpowered buildings, or Contaminate may cause inaccurate times.
  • Supply counts are checked every 10 seconds.